 Dungeon Crawl Stone Soup version 0.18.1-6-gd335043 (webtiles) character file.

1857000 Chemotherapy the Wrestler (level 25, 140/140 HPs)
             Began as a Vine Stalker Monk on May 20, 2016.
             Was the Champion of Jiyva.
             Escaped with the Orb
             ... and 3 runes!
             The game lasted 03:28:45 (54242 turns).

Chemotherapy the Wrestler (Vine Stalker Monk)      Turns: 54242, Time: 03:28:45

Health: 140/140    AC: 36    Str: 33    XL:     25
Magic:  45/45      EV: 18    Int: 10    God:    Jiyva [******]
Gold:   1351       SH: 36    Dex: 21    Spells: 0 memorised, 24 levels left

rFire  + . .     SeeInvis .       - Unarmed
rCold  + . .     Gourm    .     q - +6 plate armour of Fashionability {rPois}
rNeg   . . .     Faith    .     V - +10 large shield "Dosahi" {Dex+3 Stlth+}
rPois  +         Spirit   +     D - +2 hat {MR+}
rElec  +         Dismiss  .     G - +2 cloak of Xidi {Dex+5 Slay+2}
rCorr  +         Reflect  .     w - +0 pair of gloves "Teliont" {rPois Regen+ rCorr Int-5}
SustAt .         Harm     .     i - +2 pair of boots {Fly}
MR     ++++.                    t - amulet "Naegg" {+Rage rPois MP+9}
Stlth  ..........               e - ring "Decuhas" {+Blink rElec rC+ Dex+2 Stlth+}
                                P - ring of Moufiu {+Blink +Fly rF+ Str+4 Stlth-}

@: flying, studying Fighting, incredibly resistant to hostile enchantments,
extremely unstealthy
A: antennae 1, fangs 3, talons 1, yellow scales 1, agile 2, blurry vision 1,
dopey 1, regeneration 3, screaming 1, shaggy fur 1, eyeballs 1, translucent skin
1, jelly absorbing missiles, magic shield, antimagic bite, no device heal 3, rot
immunity, subdued magic 1, inability to drink while threatened, cowardly, no
earth magic, no summoning magic, no transmutations magic, disrupted magic 1,
inexperienced 1
a: Request Jelly, Jelly Paralyse, Slimify, Cure Bad Mutation, Renounce Religion,
Evoke Blink, Evoke Berserk Rage, Stop Flying
0: Orb of Zot
}: 3/15 runes: decaying, serpentine, slimy


You escaped.
You worshipped Jiyva.
Jiyva was exalted by your worship.
You were very full.

You visited 11 branches of the dungeon, and saw 57 of its levels.
You visited 1 bazaar.
You visited 1 ziggurat, and saw 9 of its levels.
You also visited: Trove and Ice Cave.

You collected 4646 gold pieces.
You spent 3295 gold pieces at shops.

Inventory:

Armour
 i - a +2 pair of boots of flying (worn)
   (You found it on level 3 of the Elven Halls)
 q - the +6 plate armour of Fashionability (worn) {rPois}
   (You found it on level 8 of a ziggurat)

   It protects you from poison.
 w - the +0 pair of gloves "Teliont" (worn) {rPois Regen+ rCorr Int-5}
   (You bought it in a shop on level 3 of the Snake Pit)

   It affects your intelligence (-5).
   It protects you from poison.
   It increases your rate of regeneration.
   It protects you from acid and corrosion.
 D - a +2 hat of magic resistance (worn)
   (You acquired it on level 7 of the Lair of Beasts)
 G - the +2 cloak of Xidi (worn) {Dex+5 Slay+2}
   (You bought it in a shop on level 5 of the Depths)

   It affects your dexterity (+5).
   It affects your accuracy and damage with ranged weapons and melee attacks
   (+2).
 H - the +9 chain mail "Mutt" {rPois rC- rCorr Stlth-}
   (You bought it in a shop on level 3 of the Snake Pit)

   It makes you vulnerable to cold.
   It protects you from poison.
   It protects you from acid and corrosion.
   It makes you less stealthy.
 V - the +10 large shield "Dosahi" (worn) {Dex+3 Stlth+}
   (You found it on level 3 of the Elven Halls)

   It affects your dexterity (+3).
   It makes you more stealthy.
Jewellery
 e - the ring "Decuhas" (right hand) {+Blink rElec rC+ Dex+2 Stlth+}
   (You took it off a naga on level 1 of the Snake Pit)

   [ring of dexterity]

   It affects your dexterity (+2).
   It protects you from cold.
   It insulates you from electricity.
   It lets you blink.
   It makes you more stealthy.
 m - an uncursed ring of protection from magic {MR+, !d}
   (You found it on level 1 of the Dungeon)
 o - the ring "Ninwaruo" {rC++ Str+4}
   (You found it on level 6 of the Pits of Slime)

   [ring of strength]

   It affects your strength (+4).
   It greatly protects you from cold.
 t - the amulet "Naegg" (around neck) {+Rage rPois MP+9}
   (You found it on level 9 of a ziggurat)

   [amulet of rage]

   It protects you from poison.
   It affects your magic capacity (+9).
   It lets you go berserk.
 u - an uncursed ring of protection from cold {unknown}
   (You took it off a draconian caller on level 4 of the Realm of Zot)
 A - the ring "Voruixos" {+Fly rN+ SInv}
   (You took it off a deep elf demonologist on level 3 of the Elven Halls)

   [ring of flight]

   It protects you from negative energy.
   It lets you see invisible.
   It lets you fly.
 I - an uncursed amulet of regeneration {+regen, !d}
   (You found it on level 4 of the Depths)
 P - the ring of Moufiu (left hand) {+Blink +Fly rF+ Str+4 Stlth-}
   (You bought it in a shop on level 2 of the Orcish Mines)

   [ring of flight]

   It affects your strength (+4).
   It protects you from fire.
   It lets you fly.
   It lets you blink.
   It makes you less stealthy.
 S - a +3 ring of protection
   (You found it on level 2 of the Vaults)
 T - an uncursed ring of positive energy {rN+}
   (You took it off a deep elf death mage on level 3 of the Elven Halls)
Wands
 a - a wand of disintegration (9/24)
   (You found it on level 3 of the Swamp)
 z - a wand of lightning (4/15)
   (You found it on level 1 of a ziggurat)
 Z - a wand of paralysis (10/24)
   (You found it on level 3 of the Swamp)
Scrolls
 d - 3 scrolls of fear
 g - 5 scrolls of fog
 j - 27 scrolls of remove curse
 l - 3 scrolls of magic mapping {!r}
 n - 8 scrolls of teleportation
 s - 12 scrolls of recharging
 K - a scroll of holy word {!r}
 Q - 4 scrolls of enchant armour
 Y - 10 scrolls of identify
Potions
 b - a potion of magic
 k - a potion of cure mutation {!q}
 p - 6 potions of agility
 v - 2 potions of cancellation
 B - 11 potions of curing
 F - 2 potions of brilliance
 L - a potion of might
 O - 4 potions of resistance
Books
 y - a manual of Fighting {!d}
   (You found it in a treasure trove)
 E - a manual of Fighting {!d}
   (You found it in a treasure trove)
Miscellaneous
 c - a phial of floods
   (You found it on level 3 of the Swamp)
 h - a lamp of fire
   (You found it on level 4 of the Snake Pit)
 x - a box of beasts {used: 2}
   (You found it on level 9 of a ziggurat)
 M - a phantom mirror
 N - a disc of storms
   (You bought it in a shop on level 3 of the Snake Pit)
Comestibles
 C - 16 bread rations {@e1}


   Skills:
 + Level 17.1 Fighting
 + Level 14.6 Armour
 + Level 13.5 Dodging
 - Level 2.4 Stealth
 - Level 20.7 Shields
 * Level 23.0 Unarmed Combat
 * Level 17.7 Evocations


You had 24 spell levels left.
You didn't know any spells.

Dungeon Overview and Level Annotations

Branches:
Dungeon (15/15)            Temple (1/1) D:6            Lair (8/8) D:9
  Swamp (4/4) Lair:4        Snake (4/4) Lair:6        Slime (6/6) Lair:6
    Orc (2/2) D:10            Elf (3/3) Orc:2        Vaults (4/5) D:13
  Crypt (0/3) Vaults:2     Depths (5/5) D:15            Zot (5/5) Depths:5

Altars:
Ashenzari
Cheibriados
Dithmenos
Elyvilon
Fedhas
Gozag
Kikubaaqudgha
Makhleb
Nemelex Xobeh
Okawaru
Pakellas
Qazlal
Ru
Sif Muna
Trog
Vehumet
Xom
Yredelemnul
Zin
The Shining One
Beogh
Jiyva
Lugonu

Shops:
Orc:2 =(*[   Snake:3 *:[?   Snake:4 [   Vaults:2 }((   Vaults:4 [((*(
Depths:5 [

Portals:
Hell: Depths:1 Depths:2 Depths:4
Abyss: Depths:1 Depths:4
Pandemonium: Depths:5

Annotations:
Lair:1 1 exclusion
Swamp:2 Roxanne
Slime:5 Dissolution
Slime:6 Royal Jelly
Elf:2 5 runed doors


Innate Abilities, Weirdness & Mutations

You have razor-sharp teeth.
You are dopey. (Int -2)
You regenerate.
You occasionally shout uncontrollably at your foes.
When hurt, damage is shared between your health and your magic reserves.
Your bite disrupts and absorbs the magic of your enemies.
Potions and wands cannot restore your health.
You are immune to rotting.
You cannot drink potions while threatened.
Your cowardice makes you less effective in combat with threatening monsters.
You cannot study or cast Earth magic.
You cannot study or cast Summoning magic.
You cannot study or cast Transmutations magic.
Your casting is slightly disrupted.
You are somewhat inexperienced (-2 XL).
You have a pair of small antennae on your head.
You have sharp toenails.
You are partially covered in yellow scales (AC +2).
You are very agile. (Dex +4)
Scrolls take you a little longer to read.
You are covered in fur (AC +1).
Your body is partially covered in golden eyeballs (Acc +3).
Your skin is partially translucent (Stealth, -foe acc).
You have a small jelly attached to you that may absorb incoming projectiles.
Your spells are a little easier to cast, but a little less powerful.


Message History

You kill the sixfirhy!
You block the red devil's attack. You block the red devil's attack.
You punch the red devil! You bite the red devil. You drain its power.
You hit the red devil. You bite the red devil! You drain its power.
The red devil hops backward while attacking.
You block the red devil's attack.
The red devil hops backward while attacking.
You block the red devil's attack.
A green death comes into view.
There is a stone staircase leading up here.
The green death gestures at you.
The blast of poison engulfs the red devil.
The red devil is poisoned.
You fly upwards.
There is a stone staircase leading down here.
There is a stone staircase leading up here.
You fly upwards.
There is a stone staircase leading down here.
A green death comes into view.
The green death gestures at you.
There is a stone staircase leading up here.
You fly upwards.
Level annotation: MongoFromTheCongo's ghost, amateur MiFi The orc shouts!
The orc priest shouts!
The orc shouts!
An adder and 2 orcs come into view.
There is a stone staircase leading down here.
The orc priest looks braver for a moment.
MongoFromTheCongo's ghost turns its malevolent gaze towards you.
The orc priest casts a cantrip, but nothing happens.
You block the ball python's attack. The ball python misses you.
You pummel the ball python!!
You kill the ball python!
You closely miss the adder. You bite the adder! You drain its power.
You kill the adder!
You block MongoFromTheCongo's ghost's attack.
You block the orc's attack.
You see here an adder corpse.
You punch MongoFromTheCongo's ghost!
You bite MongoFromTheCongo's ghost, but do no damage.
MongoFromTheCongo's ghost completely misses you.
You barely miss MongoFromTheCongo's ghost.
You bite MongoFromTheCongo's ghost. You drain its power.
You hit MongoFromTheCongo's ghost.
You bite MongoFromTheCongo's ghost, but do no damage.
You block MongoFromTheCongo's ghost's attack.
You pummel MongoFromTheCongo's ghost!! You bite MongoFromTheCongo's ghost.
You drain its power.
You destroy MongoFromTheCongo's ghost!
You block the orc's attack. The orc misses you.
You punch the orc priest! You bite the orc priest. You drain its power.
You block the orc's attack.
You pummel the orc priest!!
You kill the orc priest!
The orc misses you.
You pummel the orc!!
You kill the orc!
You block the orc's attack. x2
You squash the orc like an ant!!!
You kill the orc!
You barely miss the orc. Your bite misses the orc. You block the orc's attack.
You pummel the orc!!
You kill the orc!
An orange demon comes into view.
You hit the orc but do no damage. You bite the orc. You drain its power.
You pummel the orc!!
You kill the orc!
You block the orange demon's attack. x2
Items here: )) [ † a hand axe; a ring mail; a club; an orc corpse You barely miss the orange demon.
You bite the orange demon! You drain its power.
You block the orange demon's attack. The orange demon completely misses you.
You punch the orange demon! You bite the orange demon!! You drain its power.
You pummel the orange demon!!
You kill the orange demon!
No target in view!
You see here an adder corpse.
There is a stone staircase leading up here.
You fly upwards.
There is a stone staircase leading down here.
There is a stone staircase leading up here.
You fly upwards.
There is a stone staircase leading down here.
A bat comes into view.
You block the bat's attack. You block the bat's attack.
You block the bat's attack. You block the bat's attack.
You block the bat's attack. x2
You block the bat's attack. You block the bat's attack.
The eyeballs on your body gaze at the bat.
There is an open gate here.
There is an open door here.
There is an open door here.
There is an open door here.
You found a teleport trap!
There is a staircase leading out of the dungeon here.
You have escaped!

#...###.P≈≈≈≈..)..†...#
####...#...♣.≈♣♣.........# ###
#......#....#.......(....# ..#
#......#....#............#
..#####......#....#....#.......#
..'......................†...####
..##################.#.....##....
..#...≈≈≈≈...#.....#........#....
..#..........#.^@..#.#......#....
.8#..........#.....#.#...†.......
..'..........#####'#.#..)......##
..'..........'.♣♣#.#.####......#
..'..[.......#♣.♣#.#.####......##
.8#..........#♣.♣#.#.............
..#..........#♣♣.'.#.####...#....
..#...≈≈≈≈...# ♣♣#♣#.# #####....
..##################.#####...#†).


There were no monsters in sight!

Vanquished Creatures
  2 orbs of fire
  4 ancient liches
  A pandemonium lord (Zig:1)
  Norris (Vaults:2)
  5 Killer Klowns
  5 curse toes
  3 caustic shrikes (Depths:2)
  6 golden dragons
  2 bone dragons
  A Brimstone Fiend (D:15)
  Jorgrun (Swamp:4)
  11 tentacled monstrosities
  24 Orb Guardians
  A quicksilver dragon (Depths:3)
  2 deep elf blademasters (Elf:3)
  2 deep elf master archers
  Asterion (Vaults:2)
  2 titans
  An acid blob (Lair:6)
  3 thorn hunters
  3 sphinxes
  4 shadow dragons
  6 tengu reavers
  5 death cobs
  12 storm dragons
  5 draconian monks
  4 greater nagas
  Donald (Vaults:1)
  4 deep elf sorcerers
  8 vault wardens
  5 fire giants
  6 frost giants
  Louise (Swamp:1)
  Maud (D:11)
  2 curse skulls (Zot:2)
  5 draconian scorchers
  8 draconian knights
  3 balrugs
  4 draconian zealots
  Aizul (Snake:2)
  5 deep elf elementalists (Elf:3)
  2 draconian shifters
  4 draconian annihilators
  6 draconian callers
  A reaper (Zig:8)
  9 ironheart preservers
  A vampire knight (Depths:2)
  16 stone giants
  10 very ugly things
  7 green draconians
  3 deep elf demonologists (Elf:3)
  3 salamander stormcallers (Vaults:2)
  A dire elephant (D:15)
  3 black draconians
  3 yellow draconians
  6 purple draconians
  5 red draconians
  5 mottled draconians
  2 lorocyprocas (Depths:4)
  6 deep elf annihilators
  5 white draconians
  The ghost of PsiRedEye22 the Severer, a journeyman HOFi of Okawaru (Lair:1)
  4 deep elf death magi (Elf:3)
  8 spark wasps
  8 ettins
  7 vault guards
  A merfolk impaler (Depths:5)
  15 fire dragons
  2 blizzard demons (IceCv)
  Josephine (Lair:6)
  16 ice dragons
  5 deep elf high priests
  5 entropy weavers
  13 yaktaur captains
  4 rakshasas
  26 hydras
  10 naga warriors
  The ghost of MoronicCinamun the Archer, a journeyman DsHu of Qazlal (D:10)
  4 spriggan air magi
  2 ghost crabs
  2 catoblepae
  Erolcha (D:11)
  12 anacondas
  A death knight (Vaults:4)
  9 centaur warriors
  6 ogre magi
  10 dancing weapons
  8 death yaks (Lair:8)
  3 alligators
  5 tengu warriors (Depths:3)
  9 deep troll shamans
  5 spriggan berserkers
  13 deep troll earth magi
  8 shock serpents
  12 naga sharpshooters
  7 orc high priests (Orc:2)
  A vampire mage (Depths:2)
  4 soul eaters
  6 deep elf knights
  10 sun demons
  4 skeletal warriors
  2 salamander mystics (Vaults:2)
  A hell knight (Depths:2)
  Nergalle (D:11)
  A death drake (shapeshifter) (Vaults:1)
  A fire crab (Vaults:3)
  A fire crab (shapeshifter) (Depths:2)
  3 shadow wraiths
  28 deep trolls
  An iron troll (Depths:4)
  An unseen horror (D:15)
  A sea snake (shapeshifter) (Vaults:1)
  2 wizards
  4 sea snakes
  2 storm dragon skeletons (Zig:8)
  6 shambling mangroves
  5 flayed ghosts
  A spriggan druid (Swamp:3)
  11 deep elf archers
  5 naga ritualists
  14 ironbrand convokers
  8 swamp dragons
  9 hill giants
  8 orc knights
  4 harpies
  2 lindwurms (Lair:8)
  An orb spider (shapeshifter) (Depths:4)
  The ghost of tbh1313 the Slicer, a novice DECj of Vehumet (D:7)
  3 wolf spiders
  4 orc sorcerers
  4 oklob plants (Zot:2)
  2 salamanders (shapeshifter)
  9 mana vipers
  5 cyclopes
  48 deep elf magi
  4 griffons
  31 ugly things
  A wolf spider (shapeshifter) (Zig:4)
  A hornet (shapeshifter) (Vaults:1)
  4 hornets
  2 manticores
  A sixfirhy (D:6)
  3 fauns (Zig:7)
  7 salamanders
  2 spriggan zombies (Zig:8)
  12 torpor snails
  3 centaur zombies
  12 elephants
  14 naga magi
  11 vault sentinels
  15 moths of wrath
  A guardian serpent (shapeshifter) (Vaults:4)
  A spiny frog (shapeshifter) (Vaults:3)
  4 water nymphs (Zig:7)
  28 black mambas
  A rust devil (Depths:3)
  2 ice statues (IceCv)
  A black mamba (shapeshifter) (Vaults:3)
  14 spiny frogs
  A guardian serpent (Snake:3)
  A storm dragon simulacrum (Vaults:1)
  2 orange demons
  2 smoke demons (D:11)
  5 centaur skeletons
  A gargoyle (D:15)
  A yaktaur (shapeshifter) (Depths:3)
  An efreet (D:13)
  12 ice devils
  15 komodo dragons
  2 kobold demonologists
  4 rime drakes
  5 freezing wraiths
  42 yaktaurs
  An anaconda simulacrum (IceCv)
  A golden dragon simulacrum (IceCv)
  2 hellwings
  3 tengu conjurers (Depths:3)
  A queen bee (shapeshifter) (Vaults:3)
  3 red devils (Depths:3)
  A burning bush (Zot:2)
  2 jumping spiders
  2 merfolk (Zig:7)
  10 giant leeches
  10 trolls
  6 two-headed ogres
  A polar bear (Lair:7)
  7 bog bodies
  2 slime creatures
  A raiju (shapeshifter) (Vaults:1)
  Prince Ribbit (D:9)
  20 blink frogs
  A snapping turtle (Zig:7)
  An ettin zombie (Zig:8)
  11 redbacks
  6 boulder beetles
  A flying skull (Depths:3)
  5 air elementals
  A vampire (D:12)
  A redback (shapeshifter) (Vaults:1)
  A tarantella (Vaults:3)
  3 wyverns
  6 wraiths
  8 spriggans
  56 yaks
  13 water elementals
  3 basilisks
  A fire bat (shapeshifter) (Vaults:2)
  9 shadows
  The ghost of MongoFromTheCongo the Chopper, an amateur MiFi (D:3)
  A fire elemental (Elf:1)
  Eustachio (D:5)
  A chaos spawn (Zot:1)
  A steam dragon (Lair:8)
  2 hungry ghosts
  10 hippogriffs
  32 vampire mosquitoes
  A swamp worm (shapeshifter) (Depths:1)
  3 harpy simulacra (IceCv)
  2 mottled dragons (Vaults:2)
  2 iron troll simulacra (IceCv)
  13 insubstantial wisps
  63 nagas
  4 wargs
  3 hydra simulacra (IceCv)
  3 hell hounds (Depths:3)
  23 swamp worms
  9 porcupines
  20 water moccasins
  4 sky beasts
  14 swamp drakes
  2 black bears (D:9)
  25 orc warriors
  4 ice beasts
  16 wasps
  5 eyes of draining
  2 necrophages
  31 ogres
  3 phantoms
  4 boggarts (Vaults:1)
  23 centaurs
  13 crocodiles
  13 wolves
  2 gnoll sergeants
  8 big kobolds
  19 giant frogs
  A water moccasin skeleton (D:6)
  7 scorpions
  21 killer bees
  8 wights
  7 electric eels
  A vampire bat (Orc:2)
  10 crimson imps
  14 jellies
  A howler monkey (D:11)
  13 hounds
  2 quasits
  3 giant frog zombies
  Crazy Yiuf (D:2)
  11 orc priests
  Ijyb (D:6)
  4 gnoll shamans (D:7)
  Jessica (D:2)
  10 iguanas
  3 lightning spires (Zot:2)
  14 orc wizards
  16 worker ants
  Terence (D:2)
  11 sheep
  A hound zombie (D:11)
  A howler monkey skeleton (D:5)
  A howler monkey zombie (D:7)
  2 worker ant zombies
  14 gnolls
  17 adders
  30 river rats
  7 shadow imps
  2 white imps
  16 oozes
  An adder skeleton (D:7)
  20 worms
  2 dart slugs
  6 giant geckos
  56 orcs
  A ball python (D:3)
  15 bats
  9 giant cockroaches
  10 goblins
  10 hobgoblins
  24 jackals
  5 quokkas
  4 giant newts
  39 kobolds
  3 quokka skeletons (D:4)
  A quokka zombie (D:7)
  8 rats
  4 briar patches
  2 crawling corpses
  3 fungi
  4 plants
2069 creatures vanquished.

Vanquished Creatures (collateral kills)
  An ancient lich (Zig:3)
  A Killer Klown (Zot:5)
  2 electric golems (Zot:5)
  A deep elf master archer (Elf:3)
  A thorn hunter (Swamp:4)
  2 deep elf annihilators (Elf:3)
  A deep elf death mage (Elf:3)
  A fire dragon (Depths:1)
  2 deep elf high priests (Elf:3)
  A dancing weapon (Elf:3)
  A deep elf archer (Elf:1)
  7 deep elf magi (Elf:1)
  A rust devil (Depths:3)
  A black mamba (Snake:1)
  A naga mage (Snake:1)
  2 red devils (Depths:3)
  An air elemental (Elf:3)
  2 nagas (Snake:1)
  A swamp drake (Swamp:4)
30 creatures vanquished.

Vanquished Creatures (others)
  A tentacled monstrosity (Swamp:4)
  An Orb Guardian (Zot:5)
  4 acid blobs (Slime:6)
  An azure jelly (Depths:2)
  A draconian caller (Zot:4)
  A very ugly thing (Depths:1)
  A salamander stormcaller (Depths:3)
  A deep elf annihilator (Elf:3)
  A deep elf demonologist (Elf:3)
  A fire dragon (Depths:1)
  A deep elf high priest (Elf:3)
  4 great orbs of eyes
  2 hydras
  A tengu warrior (Depths:3)
  2 deep troll earth magi
  A hell knight (Depths:2)
  A soul eater (Depths:1)
  A giant orange brain (Vaults:1)
  2 wizards
  An unseen horror (D:13)
  A quicksilver dragon simulacrum (Depths:3)
  An ironbrand convoker (Vaults:2)
  5 deep elf magi
  A swamp dragon (Swamp:4)
  A griffon (Lair:8)
  26 slime creatures
  An ugly thing (Depths:2)
  A black mamba (Snake:1)
  An elephant (Lair:8)
  3 moths of wrath
  A torpor snail (Lair:8)
  A kobold demonologist (D:15)
  2 komodo dragons
  An ice devil (Zig:8)
  5 yaktaurs
  A golden dragon simulacrum (Depths:3)
  A blink frog (Lair:2)
  A flying skull (Zig:8)
  A yak (Lair:7)
  A steam dragon (Lair:8)
  2 insubstantial wisps
  2 wargs
  A mottled dragon (Lair:8)
  2 nagas
  A hell hound (Depths:1)
  A water moccasin (Lair:8)
  A human skeleton (Zig:8)
  A giant eyeball (Depths:5)
  2 eyes of draining
  An orc warrior (D:9)
  2 ogres
  3 wolves
  A crocodile (Lair:8)
  A killer bee (D:11)
  350 jellies
  An adder (D:10)
  An ufetubus (D:9)
  4 orcs
  A bat (Orc:2)
  3 kobolds (D:15)
  5 briar patches
  2 crawling corpses
  A fire vortex (Depths:3)
  14 fungi
  59 plants
547 creatures vanquished.

Grand Total: 2646 creatures vanquished

Notes
Turn   | Place    | Note
--------------------------------------------------------------
     0 | D:1      | Chemotherapy the Vine Stalker Monk began the quest for the Orb.
     0 | D:1      | Reached XP level 1. HP: 11/11 MP: 2/2
   243 | D:1      | Reached XP level 2. HP: 15/16 MP: 3/3
   387 | D:1      | Reached XP level 3. HP: 17/19 MP: 4/4
   786 | D:1      | Reached skill level 1 in Armour
   834 | D:1      | Reached skill level 3 in Fighting
   888 | D:2      | Reached XP level 4. HP: 24/24 MP: 5/5
  1189 | D:2      | Noticed Jessica
  1198 | D:2      | Killed Jessica
  1198 | D:2      | Reached skill level 5 in Unarmed Combat
  1211 | D:2      | Noticed Terence
  1222 | D:2      | Killed Terence
  1222 | D:2      | Reached XP level 5. HP: 28/28 MP: 4/6
  1378 | D:2      | Noticed Crazy Yiuf
  1402 | D:2      | Killed Crazy Yiuf
  1903 | D:3      | Noticed Ijyb
  2026 | D:3      | Reached skill level 2 in Armour
  2026 | D:3      | Gained mutation: You heal very quickly. [Vine Stalker growth]
  2026 | D:3      | Reached XP level 6. HP: 28/32 MP: 7/7
  2086 | D:3      | Found a stormy altar of Qazlal.
  2122 | D:3      | Noticed MongoFromTheCongo's ghost (amateur MiFi)
  2264 | D:4      | Reached skill level 6 in Unarmed Combat
  2264 | D:4      | Reached skill level 1 in Evocations
  2339 | D:4      | Reached XP level 7. HP: 36/37 MP: 4/9
  2447 | D:4      | Reached skill level 4 in Fighting
  2447 | D:4      | Reached skill level 2 in Evocations
  2925 | D:5      | Entered Level 5 of the Dungeon
  2925 | D:5      | Noticed Eustachio
  3067 | D:5      | Reached skill level 3 in Armour
  3067 | D:5      | Reached skill level 7 in Unarmed Combat
  3112 | D:5      | Gained mutation: You have razor-sharp teeth. [Vine Stalker growth]
  3112 | D:5      | Reached XP level 8. HP: 37/42 MP: 10/10
  3178 | D:5      | Found an oddly glowing altar of Pakellas.
  3316 | D:5      | Killed Eustachio
  3316 | D:5      | Reached skill level 1 in Shields
  3478 | D:6      | Reached skill level 3 in Evocations
  3572 | D:6      | Found an opulent altar of Gozag.
  3600 | D:6      | Killed Ijyb
  3600 | D:6      | Reached skill level 2 in Shields
  3689 | D:6      | Reached skill level 8 in Unarmed Combat
  3693 | D:6      | Reached skill level 5 in Fighting
  3701 | D:6      | Found a shadowy altar of Dithmenos.
  3798 | D:6      | Reached XP level 9. HP: 47/47 MP: 12/12
  3800 | D:6      | Reached skill level 3 in Shields
  4163 | D:6      | Found a deep blue altar of Sif Muna.
  4350 | D:6      | Found a staircase to the Ecumenical Temple.
  4359 | Temple   | Entered the Ecumenical Temple
  4596 | D:7      | Reached skill level 4 in Armour
  4612 | D:7      | Got a polished chain mail
  4623 | D:7      | Identified the +7 chain mail "Elynenen" {Int+2 Dex+3} (You found it on level 7 of the Dungeon)
  4849 | D:7      | Noticed a red ugly thing
  4874 | D:7      | Killed a red ugly thing
  4874 | D:7      | Reached skill level 4 in Shields
  5012 | D:7      | Gained mutation: You occasionally shout uncontrollably at your foes. [potion of mutation]
  5012 | D:7      | Gained mutation: You evolve. [potion of mutation]
  5012 | D:7      | Gained mutation: Your mind is acute. (Int +2) [potion of mutation]
  5013 | D:7      | Gained mutation: You are robust (+10% HP). [potion of mutation]
  5013 | D:7      | Gained mutation: You rapidly evolve. [potion of mutation]
  5037 | D:7      | Noticed tbh1313's ghost (novice DECj)
  5057 | D:7      | Reached skill level 9 in Unarmed Combat
  5075 | D:7      | Killed tbh1313's ghost
  5075 | D:7      | Reached skill level 3 in Dodging
  5075 | D:7      | Reached skill level 4 in Evocations
  5150 | D:7      | Reached XP level 10. HP: 58/58 MP: 14/14
  5378 | D:7      | Reached skill level 6 in Fighting
  6056 | D:8      | Found a radiant altar of Vehumet.
  6082 | D:8      | Found a snail-covered altar of Cheibriados.
  6245 | D:8      | Reached skill level 5 in Armour
  6610 | D:8      | Found a sacrificial altar of Ru.
  6610 | D:8      | Found a white marble altar of Elyvilon.
  6680 | D:8      | Found a blossoming altar of Fedhas.
  6735 | D:8      | Became a worshipper of Ru the Awakened
  6752 | D:8      | Gained mutation: You sometimes yell uncontrollably at your foes. [Ru sacrifice]
  6752 | D:8      | Reached * piety under Ru
  6929 | D:8      | Reached skill level 10 in Unarmed Combat
  7088 | D:8      | Noticed a two-headed hydra
  7095 | D:8      | Killed a two-headed hydra
  7095 | D:8      | Reached skill level 4 in Dodging
  7095 | D:8      | Reached skill level 5 in Evocations
  7098 | D:8      | Reached XP level 11. HP: 63/63 MP: 15/15
  7375 | D:9      | Reached skill level 7 in Fighting
  7407 | D:9      | Found a staircase to the Lair.
  7446 | D:9      | Found an ancient bone altar of Kikubaaqudgha.
  7484 | D:9      | Noticed Prince Ribbit
  7495 | D:9      | Killed Prince Ribbit
  7538 | D:9      | Found a deep blue altar of Sif Muna.
  7539 | D:9      | Found a radiant altar of Vehumet.
  7542 | D:9      | Identified Kikubaaqudgha's Almanac of Sinister Magic
  7569 | D:9      | Lost mutation: You are robust (+10% HP). [evolution]
  7617 | D:9      | Found a bloodstained altar of Trog.
  7686 | D:9      | Reached skill level 11 in Unarmed Combat
  7740 | D:9      | Found a burning altar of Makhleb.
  7827 | D:9      | Reached skill level 6 in Armour
  8100 | D:10     | Entered Level 10 of the Dungeon
  8159 | D:10     | Noticed a hill giant
  8165 | D:10     | Killed a hill giant
  8165 | D:10     | Reached skill level 5 in Dodging
  8173 | D:10     | Reached skill level 6 in Evocations
  8250 | D:10     | Noticed MoronicCinamun's ghost (journeyman DsHu)
  8270 | D:10     | Killed MoronicCinamun's ghost
  8279 | D:10     | Gained mutation: Your spells are a little harder to cast, but a little more powerful. [evolution]
  8279 | D:10     | Lost mutation: You rapidly evolve. [end of evolution]
  8415 | D:10     | Found a staircase to the Orcish Mines.
  8566 | D:10     | Gained mutation: You regenerate. [Vine Stalker growth]
  8566 | D:10     | Reached XP level 12. HP: 54/64 MP: 14/17
  8837 | D:10     | Found a roughly hewn altar of Beogh.
  8933 | D:10     | Noticed an ogre mage
  8951 | D:10     | Killed an ogre mage
  8959 | D:10     | Gained mutation: You cannot study or cast Earth magic. [Ru sacrifice]
  8959 | D:10     | Gained mutation: You cannot study or cast Transmutations magic. [Ru sacrifice]
  8959 | D:10     | Gained mutation: You cannot study or cast Summoning magic. [Ru sacrifice]
  8959 | D:10     | Reached ** piety under Ru
  9136 | D:9      | Reached skill level 12 in Unarmed Combat
  9156 | Lair:1   | Entered Level 1 of the Lair of Beasts
  9165 | Lair:1   | Noticed PsiRedEye22's ghost (journeyman HOFi)
  9246 | Lair:1   | Killed PsiRedEye22's ghost
  9246 | Lair:1   | Reached skill level 8 in Fighting
  9626 | Lair:1   | Reached skill level 7 in Evocations
  9722 | Lair:1   | Found an iron altar of Okawaru.
  9849 | Lair:2   | Reached skill level 7 in Armour
 10034 | Lair:2   | HP: 12/65 [blink frog (8)]
 10034 | Lair:2   | HP: 5/65 [blink frog (7)]
 10039 | Lair:2   | HP: 5/65 [poisoned by a spiny frog]
 10045 | Lair:2   | HP: 5/65 [poisoned by a spiny frog]
 10050 | Lair:2   | HP: 7/65 [poisoned by a spiny frog]
 10057 | Lair:2   | HP: 12/65 [poisoned by a spiny frog]
 10166 | Lair:2   | Reached skill level 6 in Dodging
 10200 | Lair:2   | Gained mutation: You are somewhat inexperienced (-2 XL). [Ru sacrifice]
 10200 | Lair:2   | Reached XP level 11. HP: 60/60 MP: 17/17
 10200 | Lair:2   | Reached XP level 10. HP: 56/56 MP: 16/16
 10200 | Lair:2   | Reached *** piety under Ru
 10645 | Lair:3   | Reached XP level 11. HP: 60/60 MP: 17/17
 10729 | Lair:3   | Noticed an eight-headed hydra
 10736 | Lair:3   | Killed an eight-headed hydra
 10794 | Lair:3   | Noticed a four-headed hydra
 10800 | Lair:3   | Killed a four-headed hydra
 11043 | Lair:3   | Noticed a catoblepas
 11056 | Lair:3   | Killed a catoblepas
 11056 | Lair:3   | Reached skill level 13 in Unarmed Combat
 11625 | Lair:4   | Gained mutation: You cannot drink potions while threatened. [Ru sacrifice]
 11625 | Lair:4   | Reached **** piety under Ru
 11625 | Lair:4   | Reached ***** piety under Ru
 11720 | Lair:4   | Reached XP level 12. HP: 65/65 MP: 18/18
 11763 | Lair:4   | Found a staircase to the Swamp.
 11773 | Lair:4   | Lost mutation: You sometimes yell uncontrollably at your foes. [evolution]
 11988 | Lair:4   | Reached skill level 9 in Fighting
 12075 | Lair:4   | Reached skill level 8 in Evocations
 12616 | Lair:5   | Reached skill level 8 in Armour
 12647 | Lair:5   | Reached skill level 7 in Dodging
 12682 | Lair:5   | HP: 16/66 [boulder beetle (18)]
 12811 | Lair:5   | Gained mutation: You are agile. (Dex +2) [evolution]
 12879 | Lair:5   | Gained mutation: Your casting is slightly disrupted. [Ru sacrifice]
 13204 | Lair:6   | Noticed a four-headed hydra
 13211 | Lair:6   | Killed a four-headed hydra
 13362 | Lair:6   | Reached skill level 14 in Unarmed Combat
 13375 | Lair:6   | Found a staircase to the Snake Pit.
 13466 | Lair:6   | Noticed Josephine
 13481 | Lair:6   | Killed Josephine
 13484 | Lair:6   | Reached XP level 13. HP: 70/70 MP: 20/20
 13940 | Lair:6   | Reached skill level 5 in Shields
 14095 | Lair:6   | Found a runed door.
 14097 | Lair:6   | Found a viscous altar of Jiyva.
 14097 | Lair:6   | Noticed an acid blob
 14100 | Lair:6   | Found a staircase to the Slime Pits.
 14110 | Lair:6   | Killed an acid blob
 14525 | Lair:7   | Found a blossoming altar of Fedhas.
 14822 | Lair:7   | Reached skill level 6 in Shields
 14884 | Lair:7   | Identified a scroll of acquirement
 14932 | Lair:7   | You fall through a shaft!
 14932 | Lair:8   | Entered Level 8 of the Lair of Beasts
 14932 | Lair:8   | Noticed a fire dragon
 14943 | Lair:8   | HP: 20/108 [komodo dragon (15)]
 14948 | Lair:8   | HP: 17/108 [swamp drake] (1)]
 14952 | Lair:8   | Killed a fire dragon
 14953 | Lair:8   | HP: 10/72 [komodo dragon (5)]
 15001 | Lair:8   | HP: 17/72 [squashed by a boulder beetle (23)]
 15010 | Lair:8   | HP: 18/72 [torpor snail (7)]
 15040 | Lair:8   | Found a snail-covered altar of Cheibriados.
 15153 | Lair:7   | Gained mutation: You have sharp toenails. [potion of beneficial mutation]
 15445 | Lair:8   | Reached skill level 10 in Fighting
 15477 | Lair:8   | Reached XP level 14. HP: 74/77 MP: 21/21
 15484 | Lair:8   | HP: 19/77 [death yak (14)]
 15490 | Lair:8   | Reached skill level 7 in Shields
 15694 | Lair:8   | Lost mutation: You are agile. (Dex +2) [evolution]
 15782 | Lair:8   | Reached skill level 9 in Armour
 16095 | Lair:8   | Reached skill level 15 in Unarmed Combat
 16340 | Lair:8   | Found a runed door.
 17352 | D:11     | Reached skill level 8 in Shields
 17443 | D:11     | Noticed Erolcha
 17449 | D:11     | Killed Erolcha
 17521 | D:11     | Noticed Maud
 17535 | D:11     | Killed Maud
 17723 | D:11     | Noticed Nergalle
 17757 | D:11     | Killed Nergalle
 17830 | D:11     | Lost mutation: Your mind is acute. (Int +2) [Ru sacrifice]
 17830 | D:11     | Gained mutation: You are dopey. (Int -2) [Ru sacrifice]
 18819 | D:12     | Reached XP level 15. HP: 81/81 MP: 22/22
 19579 | D:13     | Found a gate to the Vaults.
 19634 | D:13     | Reached skill level 9 in Shields
 19656 | D:13     | Gained mutation: Your cowardice makes you less effective in combat with threatening monsters. [Ru sacrifice]
 19656 | D:13     | Reached ****** piety under Ru
 19935 | Lair:6   | Fell from the grace of Ru
 19935 | Lair:6   | Became a worshipper of Jiyva Joifrah the Shapeless
 20455 | D:14     | Got a bloodstained war axe
 20492 | D:14     | Reached skill level 16 in Unarmed Combat
 20823 | D:14     | Reached * piety under Jiyva
 20873 | D:15     | Entered Level 15 of the Dungeon
 20997 | D:15     | Reached ** piety under Jiyva
 21222 | D:15     | Reached skill level 10 in Armour
 21380 | D:15     | Found a staircase to the Depths.
 21492 | D:15     | Reached skill level 11 in Fighting
 21751 | D:15     | Reached *** piety under Jiyva
 21758 | D:15     | Reached skill level 10 in Shields
 22176 | D:15     | Gained mutation: Armour fits poorly on your pseudopods. [Jiyva's grace]
 22178 | D:15     | Gained mutation: You are partially covered in rugged brown scales (AC +1, +3% HP). [evolution]
 22493 | Orc:1    | Entered Level 1 of the Orcish Mines
 22523 | Orc:1    | Found a roughly hewn altar of Beogh.
 22530 | Orc:1    | Reached **** piety under Jiyva
 22697 | Orc:2    | Entered Level 2 of the Orcish Mines
 22698 | Orc:2    | Found Iclovver's Jewellery Shoppe.
 22723 | Orc:2    | HP: 8/84 [orc warrior/halberd (25)]
 22723 | Orc:2    | HP: 1/84 [troll (7)]
 22737 | Orc:1    | Lost mutation: Armour fits poorly on your pseudopods. [Jiyva's grace]
 22870 | Orc:2    | Found Voiff's Antique Weapon Emporium.
 22883 | Orc:2    | Gained mutation: You have supernaturally acute eyesight. [Jiyva's grace]
 22965 | Orc:2    | Reached ***** piety under Jiyva
 22972 | Orc:2    | Found a staircase to the Elven Halls.
 22979 | Orc:2    | Noticed an orc warlord
 23047 | Orc:2    | Bought the ring of Moufiu {+Blink +Fly rF+ Str+4 Stlth-} for 546 gold pieces
 23047 | Orc:2    | Bought an uncursed amulet of magic regeneration for 360 gold pieces
 23186 | Orc:2    | Found Ugrijouck's General Store.
 23256 | Orc:2    | Reached XP level 16. HP: 85/89 MP: 23/23
 23271 | Orc:2    | Gained mutation: You have a small jelly attached to you that senses nearby items. [Jiyva's grace]
 23280 | Orc:2    | Bought a scroll of enchant armour for 127 gold pieces
 23294 | Orc:2    | Noticed an acid blob
 23294 | Orc:2    | an orc warlord changed into an acid blob
 23462 | Orc:2    | Gained mutation: You have an increased reservoir of magic (+10% MP). [Jiyva's grace]
 23463 | Orc:2    | Reached ****** piety under Jiyva
 23480 | Orc:2    | Found Pochoos's Antique Armour Shoppe.
 23488 | Orc:2    | Bought a runed cloak for 157 gold pieces
 23507 | Orc:2    | Bought a pair of glowing gloves for 157 gold pieces
 23573 | Orc:2    | Lost mutation: You have a small jelly attached to you that senses nearby items. [Jiyva's grace]
 24013 | Slime:1  | Entered Level 1 of the Pits of Slime
 24058 | Slime:2  | Noticed an acid blob
 24058 | Slime:2  | Noticed an acid blob
 24061 | Slime:2  | Noticed an azure jelly
 24070 | Slime:3  | Noticed an azure jelly
 24106 | Slime:5  | Noticed Dissolution
 24143 | Slime:6  | Entered Level 6 of the Pits of Slime
 24146 | Slime:6  | Noticed an acid blob
 24148 | Slime:6  | Noticed an azure jelly
 24150 | Slime:6  | Noticed an acid blob
 24153 | Slime:6  | Noticed the Royal Jelly
 24153 | Slime:6  | Noticed an acid blob
 24153 | Slime:6  | Noticed an acid blob
 24153 | Slime:6  | Noticed an acid blob
 24154 | Slime:6  | Noticed an acid blob
 24154 | Slime:6  | Gained mutation: Your rubbery body absorbs attacks (AC +1). [Jiyva's grace]
 24155 | Slime:6  | Noticed an acid blob
 24155 | Slime:6  | Found a viscous altar of Jiyva.
 24155 | Slime:6  | Noticed an azure jelly
 24156 | Slime:6  | Noticed an acid blob
 24159 | Slime:6  | Got a scorched silver ring
 24159 | Slime:6  | Lost mutation: You evolve. [Jiyva's grace]
 24161 | Slime:6  | Noticed an acid blob
 24167 | Slime:6  | Lost mutation: You have sharp toenails. [Jiyva's grace]
 24168 | Slime:6  | Got a jewelled plate armour
 24173 | Slime:6  | Noticed an azure jelly
 24189 | Slime:6  | Got a distressingly furry ring mail
 24227 | Slime:6  | Lost mutation: Your spells are a little harder to cast, but a little more powerful. [Jiyva's grace]
 24257 | Slime:6  | Got a slimy rune of Zot
 24265 | Slime:6  | Got a jewelled blowgun
 24273 | Slime:6  | Got a jewelled hunting sling
 24274 | Slime:6  | Identified the ring "Ninwaruo" {rC++ Str+4} (You found it on level 6 of the Pits of Slime)
 24277 | Slime:6  | Identified the +0 plate armour "Qeott" {*Confuse rF+ Slay+3} (You found it on level 6 of the Pits of Slime)
 24297 | Slime:6  | Killed an acid blob
 24301 | Slime:6  | Killed an acid blob
 24307 | Slime:6  | Killed an acid blob
 24323 | Slime:6  | Killed an acid blob
 24508 | Lair:6   | Identified the +0 ring mail "Ocic" {rC+ rN+} (You found it on level 6 of the Pits of Slime)
 24518 | Lair:6   | Identified the +10 blowgun of the Warrior-Mage {evade, rElec rC+} (You found it on level 6 of the Pits of Slime)
 24607 | Snake:1  | Entered Level 1 of the Snake Pit
 24650 | Snake:1  | Found a runed door.
 24978 | Snake:1  | Gained mutation: You are frail (-10% HP). [Jiyva's grace]
 25093 | Snake:1  | Identified the +8 hunting sling "Xiozawes" {freeze, +Blink} (You found it on level 6 of the Pits of Slime)
 25669 | Snake:1  | Got a heavily runed wooden ring
 25780 | Snake:2  | Noticed Aizul
 25805 | Snake:2  | Killed Aizul
 25833 | Snake:2  | Gained mutation: Armour fits poorly on your pseudopods. [Jiyva's grace]
 25853 | Snake:2  | Reached skill level 9 in Evocations
 25952 | Snake:2  | Reached skill level 17 in Unarmed Combat
 26044 | Snake:2  | Lost mutation: You have an increased reservoir of magic (+10% MP). [Jiyva's grace]
 26045 | Snake:2  | Identified the ring "Decuhas" {+Blink rElec rC+ Dex+2 Stlth+} (You took it off a naga on level 1 of the Snake Pit)
 26239 | Snake:2  | Reached skill level 8 in Dodging
 26326 | Snake:2  | Reached skill level 11 in Shields
 26464 | Snake:3  | Found Riecoe Fene's General Store.
 26492 | Snake:3  | Bought a disc of storms for 220 gold pieces
 26515 | Snake:3  | Noticed a greater naga
 26523 | Snake:3  | HP: 19/81 [greater naga/flail (3)]
 26528 | Snake:3  | HP: 12/81 [poisoned by a greater naga (bolt of poison)]
 26533 | Snake:3  | HP: 9/81 [poisoned by a greater naga (bolt of poison)]
 26538 | Snake:3  | HP: 9/81 [poisoned by a greater naga (bolt of poison)]
 26544 | Snake:3  | HP: 10/81 [poisoned by a greater naga (bolt of poison)]
 26550 | Snake:2  | HP: 12/81 [poisoned by a greater naga (bolt of poison)]
 26557 | Snake:2  | HP: 16/81 [poisoned by a greater naga (bolt of poison)]
 26731 | Snake:3  | HP: 19/81 [anaconda (2)]
 26733 | Snake:3  | HP: 9/81 [naga/dire flail (5)]
 26739 | Snake:3  | Found Fialom's Magic Scroll Shop.
 26886 | Snake:3  | Found a frozen archway.
 26895 | IceCv    | Entered an ice cave
 26898 | IceCv    | Mekire: Jiyva fun?
 26907 | IceCv    | Chemotherapy: a bit... the ru sacrifices are making it a bit rough :p
 26907 | IceCv    | Chemotherapy: and him eating all the loot
 26937 | IceCv    | Mekire: oh... you started Ru and converted
 26964 | IceCv    | Chemotherapy: yeah
 26964 | IceCv    | Mekire: I wanted to try the slime ogre out but kept getting lairs with no altar =/
 26964 | IceCv    | Mekire: er slime troll i mean
 26964 | IceCv    | Chemotherapy: yeah it's tough to get to it if it's not there
 27045 | IceCv    | Mekire: did you plan to convert or had to to not ie?
 27048 | IceCv    | Mekire: die*
 27049 | IceCv    | Chemotherapy: planned to
 27049 | IceCv    | Chemotherapy: there's a banner for maxing ru and then changing
 27049 | IceCv    | Chemotherapy: so I thought jivya would be a fun swap since he's so hard to get otherwise
 27054 | IceCv    | Mekire: ah... was gonna say; I don't understand that switch xD
 27067 | IceCv    | Chemotherapy: yeah ru would've been an easy win probably
 27095 | IceCv    | Chemotherapy: I have to run for a bit... thanks for chatting
 27288 | Snake:3  | Gained mutation: You are resistant to hostile enchantments. [Jiyva's grace]
 27293 | Snake:3  | Killed a greater naga
 27293 | Snake:3  | Reached XP level 17. HP: 82/86 MP: 25/25
 27304 | Snake:3  | Lost mutation: You are partially covered in rugged brown scales (AC +1, +3% HP). [Jiyva's grace]
 27363 | Snake:3  | Lost mutation: You are resistant to hostile enchantments. [Jiyva's grace]
 27568 | Snake:3  | Found Eriusm's Book Shop.
 27670 | Snake:3  | Found Xufownau's Antique Armour Shop.
 27681 | Snake:3  | Bought a pair of encrusted gloves for 313 gold pieces
 27681 | Snake:3  | Bought a smelly chain mail for 313 gold pieces
 27691 | Snake:3  | Identified the +0 pair of gloves "Teliont" {rPois Regen+ rCorr Int-5} (You bought it in a shop on level 3 of the Snake Pit)
 27701 | Snake:3  | Identified the +9 chain mail "Mutt" {rPois rC- rCorr Stlth-} (You bought it in a shop on level 3 of the Snake Pit)
 27713 | Snake:3  | Lost mutation: You are frail (-10% HP). [Jiyva's grace]
 27976 | Swamp:1  | Entered Level 1 of the Swamp
 27997 | Swamp:1  | You fall through a shaft!
 28160 | Swamp:1  | Gained mutation: You have a small jelly attached to you that senses nearby items. [Jiyva's grace]
 28323 | Swamp:1  | Chemotherapy: it's pretty rough
 28323 | Swamp:1  | HunfridMar: yeah i bet
 28376 | Swamp:1  | HunfridMar: phew
 28413 | Swamp:1  | HunfridMar: nice challenge though
 28426 | Swamp:1  | HunfridMar: i'm playing a gargoyle of xom
 28426 | Swamp:1  | Chemotherapy: oh nice
 28426 | Swamp:1  | Chemotherapy: xom can be fun
 28426 | Swamp:1  | HunfridMar: probably will die soon becuase of him
 28426 | Swamp:1  | Chemotherapy: and it's low pressure because you kind of expect to die
 28628 | Swamp:1  | HunfridMar: that was fun
 28653 | Swamp:2  | Chemotherapy: yeah matt is learning a lot
 28653 | Swamp:2  | HunfridMar: glad matt got to see that the game is still super hard at points even if your char is tough
 28653 | Swamp:2  | Chemotherapy: it's fun to watch
 28713 | Swamp:2  | HunfridMar: is your biopsy for your shoulder?
 28750 | Swamp:2  | Chemotherapy: yeah
 28754 | Swamp:2  | Lost mutation: You have supernaturally acute eyesight. [Jiyva's grace]
 28809 | Swamp:2  | HunfridMar: hopefully it's one of those pseudopods
 28860 | Swamp:2  | Chemotherapy: hehe
 28860 | Swamp:2  | Chemotherapy: a jelly will pop out
 28887 | Swamp:2  | Noticed Roxanne
 28919 | Swamp:2  | HunfridMar: hehe
 29219 | Swamp:2  | Chemotherapy: jivya is kind of fun
 29219 | Swamp:2  | Chemotherapy: not that powerful so far though
 29219 | Swamp:2  | Chemotherapy: it is nice getting slime rune for free
 29219 | Swamp:2  | HunfridMar: yeah i've alwasy wanted to get him
 29279 | Swamp:2  | HunfridMar: up and running
 29481 | Swamp:2  | Gained mutation: You are agile. (Dex +2) [Jiyva's grace]
 29515 | Swamp:2  | Chemotherapy: slimify is crazy
 29515 | Swamp:2  | Chemotherapy: you just instantly kill anyone
 29592 | Swamp:3  | HunfridMar: i'm pretty sure Felix slimified me this morning
 29756 | Swamp:3  | Reached skill level 12 in Fighting
 29768 | Swamp:3  | HunfridMar: aight sucka i gotta get to work
 29844 | Swamp:3  | HunfridMar: are you guys coming over sat nigh
 29844 | Swamp:3  | Chemotherapy: I think so I am not sure
 29844 | Swamp:3  | HunfridMar: i think morgan menitoned making plans with anna
 30022 | Swamp:3  | HunfridMar: aight ta ta for now!
 30040 | Swamp:3  | Reached skill level 12 in Shields
 30459 | Swamp:4  | Entered Level 4 of the Swamp
 30529 | Swamp:4  | Reached skill level 11 in Armour
 30529 | Swamp:4  | Reached skill level 18 in Unarmed Combat
 30529 | Swamp:4  | Reached skill level 10 in Evocations
 30894 | Swamp:3  | Lost mutation: You are agile. (Dex +2) [Jiyva's grace]
 31026 | Swamp:4  | Noticed Jorgrun
 31040 | Swamp:4  | Killed Jorgrun
 31040 | Swamp:4  | Reached skill level 9 in Dodging
 31040 | Swamp:4  | Reached XP level 18. HP: 86/98 MP: 24/26
 31090 | Swamp:4  | Gained mutation: Your magical capacity is low (-10% MP). [Jiyva's grace]
 31127 | Swamp:4  | Killed a tentacled monstrosity
 31280 | Swamp:4  | Lost mutation: Your magical capacity is low (-10% MP). [Jiyva's grace]
 31308 | Swamp:4  | Got a decaying rune of Zot
 31374 | Swamp:1  | Noticed Louise
 31390 | Swamp:1  | Killed Louise
 31394 | Swamp:1  | Gained mutation: Your muscles are strong. (Str +2) [Jiyva's grace]
 31580 | Elf:1    | Entered Level 1 of the Elven Halls
 31625 | Elf:1    | Gained mutation: You are resistant to hostile enchantments. [Jiyva's grace]
 31666 | Elf:1    | Lost mutation: Your muscles are strong. (Str +2) [Jiyva's grace]
 31805 | Elf:1    | Identified Oleekko's Compendium of Creation
 31859 | Elf:1    | Gained mutation: You are covered in slimy tendrils that may disarm your opponents. [Jiyva's grace]
 32073 | Elf:1    | Gained mutation: You can translocate small distances at will. [Jiyva's grace]
 32077 | Elf:1    | Identified the Handbook of Plaster Cramp
 32121 | Elf:1    | Identified the Incunabulum of Dhcmrlchtdj
 32129 | Elf:1    | Identified the Grimoire of Axaxaxas mlö
 32532 | Elf:2    | Found a portal to a secret trove of treasure.
 32659 | Elf:2    | Lost mutation: You have a small jelly attached to you that senses nearby items. [Jiyva's grace]
 32797 | Elf:2    | Lost mutation: Your rubbery body absorbs attacks (AC +1). [Jiyva's grace]
 32881 | Elf:2    | Found a huge runed gate.
 32881 | Elf:2    | Found a huge runed gate.
 32881 | Elf:2    | Found a huge runed gate.
 32881 | Elf:2    | Found a huge runed gate.
 32889 | Elf:2    | Found a huge runed gate.
 32895 | Elf:2    | Gained mutation: Your magical capacity is low (-10% MP). [Jiyva's grace]
 33077 | Elf:3    | Entered Level 3 of the Elven Halls
 33146 | Elf:3    | Reached skill level 13 in Shields
 33172 | Elf:3    | Found an ancient bone altar of Kikubaaqudgha.
 33256 | Elf:3    | Lost mutation: Your magical capacity is low (-10% MP). [Jiyva's grace]
 33425 | Elf:3    | Got a spiked large shield
 33436 | Elf:3    | Identified the +10 large shield "Dosahi" {Dex+3 Stlth+} (You found it on level 3 of the Elven Halls)
 33680 | Elf:3    | HP: 19/98 [deep elf annihilator/iron shot (29)]
 33681 | Elf:3    | Reached skill level 11 in Evocations
 33801 | Elf:3    | Noticed a deep elf master archer
 33823 | Elf:3    | Killed a deep elf master archer
 33859 | Elf:3    | Noticed a deep elf blademaster
 33875 | Elf:3    | Gained mutation: You have a pair of small horns on your head. [Jiyva's grace]
 33889 | Elf:3    | Killed a deep elf blademaster
 33904 | Elf:3    | Reached XP level 19. HP: 78/102 MP: 28/28
 33919 | Elf:3    | Lost mutation: You have a pair of small horns on your head. [Jiyva's grace]
 33934 | Elf:3    | Noticed a Brimstone Fiend
 34099 | Elf:3    | Gained mutation: You are resistant to electric shocks. [Jiyva's grace]
 34168 | Elf:3    | Gained mutation: You are partially covered in large bone plates (AC +2, SH +2). [Jiyva's grace]
 34215 | Elf:3    | Gained mutation: You possess an exceptional clarity of mind. [Jiyva's grace]
 34342 | Elf:3    | Lost mutation: You can translocate small distances at will. [Jiyva's grace]
 34385 | Elf:3    | Got a vibrating copper ring
 34403 | Elf:3    | Identified the ring "Voruixos" {+Fly rN+ SInv} (You took it off a deep elf demonologist on level 3 of the Elven Halls)
 34427 | Elf:3    | Got an uncursed encrusted scimitar {drain}
 34479 | Elf:3    | Identified Amimicop's Guide on Vitriolic Boosts
 34486 | Elf:3    | Identified the Compendium of the Earthen Voyage
 34687 | Elf:3    | Gained mutation: Your muscles are strong. (Str +2) [Jiyva's grace]
 34958 | Snake:4  | Entered Level 4 of the Snake Pit
 34958 | Snake:4  | Found Ucso's Antique Armour Shoppe.
 35018 | Snake:4  | Bought a faintly glowing cloak for 370 gold pieces
 35020 | Snake:4  | Identified the +0 cloak of Okawaru's Favour {*Corrode MP+9 Str+4} (You bought it in a shop on level 4 of the Snake Pit)
 35512 | Snake:4  | Reached skill level 10 in Dodging
 35631 | Snake:4  | Reached skill level 19 in Unarmed Combat
 35663 | Snake:4  | Lost mutation: Your muscles are strong. (Str +2) [Jiyva's grace]
 35669 | Snake:4  | Gained mutation: You have supernaturally acute eyesight. [Jiyva's grace]
 35719 | Snake:4  | Gained mutation: You have a small jelly attached to you that may absorb incoming projectiles. [Jiyva's grace]
 35756 | Snake:4  | Lost mutation: You have a small jelly attached to you that may absorb incoming projectiles. [Jiyva's grace]
 35963 | Snake:4  | Lost mutation: You are covered in slimy tendrils that may disarm your opponents. [Jiyva's grace]
 35992 | Snake:4  | Lost mutation: You are resistant to hostile enchantments. [Jiyva's grace]
 36004 | Snake:4  | Gained mutation: You evolve. [Jiyva's grace]
 36089 | Snake:4  | Lost mutation: You are resistant to electric shocks. [Jiyva's grace]
 36116 | Snake:4  | Got a serpentine rune of Zot
 36175 | Snake:4  | Lost mutation: You evolve. [evolution]
 36456 | Depths:1 | Entered Level 1 of the Depths
 36558 | D:15     | Gained mutation: Your skin is partially translucent (Stealth, -foe acc). [Jiyva's grace]
 36592 | Depths:1 | Reached skill level 14 in Shields
 36604 | Depths:1 | Reached skill level 12 in Evocations
 36658 | Depths:1 | Found a one-way gate to the infinite horrors of the Abyss.
 36727 | Depths:1 | Found a gateway to Hell.
 36798 | Depths:1 | Gained mutation: Your magical capacity is low (-10% MP). [Jiyva's grace]
 36859 | Depths:1 | HP: 23/103 [poisoned by a yaktaur]
 36862 | Depths:1 | Reached XP level 20. HP: 15/108 MP: 22/27
 36890 | Depths:1 | Gained mutation: You are robust (+10% HP). [Jiyva's grace]
 36910 | Depths:1 | Lost mutation: You possess an exceptional clarity of mind. [Jiyva's grace]
 37231 | Depths:1 | Gained mutation: Your magical capacity is very low (-20% MP). [Jiyva's grace]
 37393 | Depths:1 | Reached skill level 13 in Fighting
 37566 | Depths:2 | Reached skill level 12 in Armour
 37602 | Depths:2 | Lost mutation: You have supernaturally acute eyesight. [Jiyva's grace]
 37828 | Depths:2 | Noticed an iron giant
 37840 | Depths:2 | Slimified an iron giant
 37840 | Depths:2 | an iron giant changed into an azure jelly
 37869 | Depths:2 | Lost mutation: Your magical capacity is very low (-20% MP). [Jiyva's grace]
 37944 | Depths:2 | Gained mutation: You have a somewhat thin skeletal structure (Dex +2, Stealth). [Jiyva's grace]
 38565 | Depths:3 | Lost mutation: You are partially covered in large bone plates (AC +2, SH +2). [Jiyva's grace]
 38774 | Depths:3 | Found an ancient bone altar of Kikubaaqudgha.
 38776 | Depths:3 | Found a gateway to a ziggurat.
 38791 | Zig:1    | Entered Level 1 of a ziggurat
 38791 | Zig:1    | Noticed Wysizer the pandemonium lord
 38815 | Zig:1    | HP: 44/178 [Wysizer the pandemonium lord/crystal spear (67)]
 38818 | Zig:1    | Killed Wysizer the pandemonium lord
 38874 | Zig:2    | Entered Level 2 of a ziggurat
 38896 | Zig:3    | Entered Level 3 of a ziggurat
 38896 | Zig:3    | Noticed an ancient lich
 38912 | Zig:3    | Killed an ancient lich
 38970 | Zig:4    | Entered Level 4 of a ziggurat
 39059 | Zig:5    | Entered Level 5 of a ziggurat
 39079 | Zig:5    | Reached skill level 13 in Evocations
 39100 | Zig:5    | Got a transparent ivory ring
 39105 | Zig:5    | Identified the ring "Bedit" {Str+2 Slay+3 Stlth+} (You found it on level 5 of a ziggurat)
 39125 | Zig:6    | Entered Level 6 of a ziggurat
 39151 | Zig:6    | Gained mutation: You are agile. (Dex +2) [potion of beneficial mutation]
 39153 | Zig:7    | Entered Level 7 of a ziggurat
 39170 | Zig:7    | Reached XP level 21. HP: 112/124 MP: 25/28
 39239 | Zig:8    | Entered Level 8 of a ziggurat
 39245 | Zig:8    | Noticed a shard shrike
 39251 | Zig:8    | Slimified a shard shrike
 39251 | Zig:8    | a shard shrike changed into an acid blob
 39275 | Zig:8    | Got a shimmering plate armour
 39275 | Zig:8    | Lost mutation: You are agile. (Dex +2) [Jiyva's grace]
 39319 | Zig:8    | Identified the +6 plate armour of Fashionability {rPois} (You found it on level 8 of a ziggurat)
 39342 | Zig:9    | Entered Level 9 of a ziggurat
 39361 | Zig:9    | Got a warped sapphire amulet
 39387 | Zig:9    | Lost mutation: You have a somewhat thin skeletal structure (Dex +2, Stealth). [Jiyva's grace]
 39390 | Zig:9    | Identified the amulet "Naegg" {+Rage rPois MP+9} (You found it on level 9 of a ziggurat)
 39490 | Depths:3 | Got a transparent mace
 39563 | Depths:2 | Reached skill level 20 in Unarmed Combat
 39785 | Depths:3 | Noticed a caustic shrike
 39785 | Depths:3 | Noticed a caustic shrike
 39786 | Depths:3 | Noticed a caustic shrike
 39817 | Depths:3 | Gained mutation: You have a small jelly attached to you that senses nearby items. [Jiyva's grace]
 39848 | Depths:3 | Noticed an ancient lich
 39853 | Depths:3 | Reached skill level 11 in Dodging
 39871 | Depths:3 | Killed an ancient lich
 39892 | Depths:2 | HP: 29/125 [acid (3)]
 40112 | Depths:4 | Found a bloodstained altar of Trog.
 40231 | Depths:4 | Lost mutation: Armour fits poorly on your pseudopods. [Jiyva's grace]
 40315 | Depths:4 | Gained mutation: You have large cloven feet. [Jiyva's grace]
 40416 | Depths:4 | Reached skill level 15 in Shields
 40670 | Depths:4 | Got a thick robe
 40731 | Depths:4 | Found a corrupted altar of Lugonu.
 40847 | Depths:5 | Entered Level 5 of the Depths
 40865 | Depths:5 | Found a one-way gate leading to the halls of Pandemonium.
 40891 | Depths:5 | Found Kibbiom's Antique Armour Shop.
 40905 | Depths:5 | Bought a brightly glowing cloak for 266 gold pieces
 40905 | Depths:5 | Bought a pair of faintly glowing gloves for 266 gold pieces
 40915 | Depths:5 | Identified the +2 cloak of Xidi {Dex+5 Slay+2} (You bought it in a shop on level 5 of the Depths)
 40925 | Depths:5 | Noticed a bone dragon
 40972 | Depths:4 | Identified the cursed +0 pair of gloves of the Gusle {Int+4} (You bought it in a shop on level 5 of the Depths)
 41008 | Depths:5 | Killed a bone dragon
 41060 | Depths:5 | Reached skill level 14 in Evocations
 41113 | Depths:5 | Noticed a bone dragon
 41153 | Depths:4 | Killed a bone dragon
 41153 | Depths:4 | Reached XP level 22. HP: 56/130 MP: 30/30
 41192 | Depths:4 | Gained mutation: You have a pair of small antennae on your head. [Jiyva's grace]
 41341 | Depths:5 | Lost mutation: You have large cloven feet. [Jiyva's grace]
 41444 | Depths:5 | Gained mutation: You are covered in slimy tendrils that may disarm your opponents. [Jiyva's grace]
 41546 | Depths:5 | Gained mutation: Your skin is mostly translucent (Stealth, -foe acc). [Jiyva's grace]
 41871 | Depths:5 | Lost mutation: You are robust (+10% HP). [Jiyva's grace]
 42004 | Depths:5 | Found a gate to the Realm of Zot.
 42073 | Depths:5 | Lost mutation: Your skin is mostly translucent (Stealth, -foe acc). [Jiyva's grace]
 42177 | Depths:4 | Lost mutation: You are covered in slimy tendrils that may disarm your opponents. [Jiyva's grace]
 42279 | Depths:2 | Gained mutation: Your body is partially covered in golden eyeballs (Acc +3). [Jiyva's grace]
 42412 | Depths:2 | Killed a caustic shrike
 42412 | Depths:2 | Reached skill level 14 in Fighting
 42546 | Depths:2 | Killed a caustic shrike
 42546 | Depths:2 | Reached skill level 13 in Armour
 42550 | Depths:2 | Killed a caustic shrike
 42929 | Elf:2    | You paid a toll of a +7 demon whip to enter a treasure trove
 42930 | Trove    | Entered a treasure trove
 43006 | Trove    | Identified a +1 lightning rod (11/11) (You found it in a treasure trove)
 43217 | Vaults:1 | Entered Level 1 of the Vaults
 43294 | Vaults:1 | Noticed Donald
 43300 | Vaults:1 | Killed Donald
 43559 | Vaults:1 | Reached skill level 16 in Shields
 44133 | Vaults:1 | Lost mutation: You have a pair of small antennae on your head. [Jiyva's grace]
 44157 | Vaults:1 | Reached XP level 23. HP: 124/124 MP: 31/31
 44164 | Vaults:1 | Lost mutation: Your magical capacity is low (-10% MP). [Jiyva's grace]
 44195 | Vaults:1 | Gained mutation: Armour fits poorly on your strangely shaped body. [Jiyva's grace]
 44302 | Vaults:1 | Gained mutation: You have a small jelly attached to you that may absorb incoming projectiles. [Jiyva's grace]
 44363 | Vaults:1 | Gained mutation: You are resistant to hostile enchantments. [Jiyva's grace]
 44395 | Vaults:1 | Lost mutation: Armour fits poorly on your strangely shaped body. [Jiyva's grace]
 44446 | Vaults:2 | Found a flickering gateway to a bazaar.
 44455 | Bazaar   | Entered a bazaar
 44459 | Bazaar   | Found Byrph's Gadget Boutique.
 44478 | Bazaar   | Found Faagg's Antique Weapon Emporium.
 44495 | Bazaar   | Found Fuix's Book Boutique.
 44513 | Bazaar   | Found Nyazun's Antique Armour Shoppe.
 44628 | Vaults:2 | Gained mutation: You evolve. [Jiyva's grace]
 44679 | Vaults:2 | Noticed Asterion
 44694 | Vaults:2 | Killed Asterion
 44694 | Vaults:2 | Reached skill level 21 in Unarmed Combat
 44710 | Vaults:2 | Found Tyup's Weapon Boutique.
 44805 | Vaults:2 | Reached skill level 15 in Evocations
 44832 | Vaults:2 | Gained mutation: You rapidly evolve. [Jiyva's grace]
 44840 | Vaults:2 | Lost mutation: You are resistant to hostile enchantments. [Jiyva's grace]
 44894 | Vaults:2 | Gained mutation: You are resistant to hostile enchantments. [Jiyva's grace]
 44942 | Vaults:2 | Reached skill level 12 in Dodging
 44967 | Vaults:2 | Lost mutation: You rapidly evolve. [Jiyva's grace]
 44973 | Vaults:2 | Found a staircase to the Crypt.
 44973 | Vaults:2 | Found a basalt altar of Yredelemnul.
 44974 | Vaults:2 | Found an ancient bone altar of Kikubaaqudgha.
 45008 | Vaults:2 | Noticed Norris
 45010 | Vaults:2 | Found Emmiex's Antique Weapon Emporium.
 45038 | Vaults:2 | Killed Norris
 45175 | Vaults:2 | Gained mutation: You have large cloven feet. [Jiyva's grace]
 45236 | Vaults:2 | Gained mutation: Your body is mostly covered in golden eyeballs (Acc +5). [Jiyva's grace]
 45303 | Vaults:2 | Found Ughij's Gadget Boutique.
 45303 | Vaults:2 | Gained mutation: Your skin is mostly translucent (Stealth, -foe acc). [Jiyva's grace]
 45491 | Vaults:2 | Reached skill level 17 in Shields
 46000 | Vaults:3 | Gained mutation: You have an increased reservoir of magic (+10% MP). [potion of beneficial mutation]
 46014 | Vaults:3 | Gained mutation: You are partially covered in molten scales (AC +1). [Jiyva's grace]
 46059 | Vaults:3 | Gained mutation: You have a pair of small antennae on your head. [Jiyva's grace]
 46089 | Vaults:3 | Gained mutation: Your flesh is cold resistant. [Jiyva's grace]
 46147 | Vaults:3 | Gained mutation: You are partially covered in yellow scales (AC +2). [Jiyva's grace]
 46247 | Vaults:3 | Lost mutation: Your body is mostly covered in golden eyeballs (Acc +5). [Jiyva's grace]
 46566 | Vaults:3 | Lost mutation: Your skin is mostly translucent (Stealth, -foe acc). [Jiyva's grace]
 46772 | Vaults:4 | Found Lastitop's Antique Weapon Shop.
 46794 | Vaults:4 | Found Qutudoit's Weapon Emporium.
 46851 | Vaults:4 | Found Zagu's Armour Boutique.
 47095 | Vaults:4 | Found Minotzur's Antique Weapon Shop.
 47107 | Vaults:4 | Lost mutation: You have large cloven feet. [Jiyva's grace]
 47147 | Vaults:4 | penpaper: hey
 47154 | Vaults:4 | Chemotherapy: hey how are you?
 47154 | Vaults:4 | penpaper: not bad
 47154 | Vaults:4 | penpaper: just went to como with the kids
 47154 | Vaults:4 | Chemotherapy: I'm waiting for my procedure
 47154 | Vaults:4 | penpaper: ah, didn't start yet then
 47154 | Vaults:4 | Chemotherapy: nice
 47154 | Vaults:4 | Chemotherapy: no
 47154 | Vaults:4 | penpaper: i was gonna ask how it went
 47154 | Vaults:4 | Chemotherapy: and it'll be a couple hours
 47192 | Vaults:4 | penpaper: gotcha
 47311 | Vaults:4 | penpaper: Sylvie just said, 'I thought you were supposed to distable this game
 47312 | Vaults:4 | Chemotherapy: haha
 47312 | Vaults:4 | penpaper: can i see your stats
 47352 | Vaults:4 | Gained mutation: Armour fits poorly on your pseudopods. [Jiyva's grace]
 47362 | Vaults:4 | Lost mutation: You evolve. [Jiyva's grace]
 47368 | Vaults:4 | penpaper: nice
 47368 | Vaults:4 | Chemotherapy: this is a super weird character
 47368 | Vaults:4 | penpaper: golden eyeballs?
 47368 | Vaults:4 | Chemotherapy: from worshiping jivya
 47368 | Vaults:4 | penpaper: oh haha
 47368 | Vaults:4 | Chemotherapy: and the red ones are from when I was worshipping ru
 47368 | Vaults:4 | penpaper: that's funny
 47368 | Vaults:4 | penpaper: you're a weird looking dude
 47368 | Vaults:4 | Chemotherapy: constantly evolving
 47495 | Vaults:4 | Found Azoraisy's Assorted Antiques.
 47501 | Vaults:4 | Bought a scroll of identify for 80 gold pieces
 47501 | Vaults:4 | Bought a scroll of teleportation for 120 gold pieces
 47677 | Vaults:4 | penpaper: are you going vaults 5?
 47677 | Vaults:4 | Chemotherapy: no
 47677 | Vaults:4 | penpaper: ah, not there yet
 47677 | Vaults:4 | Chemotherapy: worshipping jivya you get the slime rune for free
 47677 | Vaults:4 | penpaper: wha? crazy
 47677 | Vaults:4 | Chemotherapy: but I am not sure I can win
 47677 | Vaults:4 | penpaper: win the game?
 47677 | Vaults:4 | Chemotherapy: yeah
 47677 | Vaults:4 | penpaper: oh
 47677 | Vaults:4 | Chemotherapy: a bit too fucked up probably
 47677 | Vaults:4 | penpaper: cuz you too crazy
 47677 | Vaults:4 | Chemotherapy: yeah
 47824 | Vaults:1 | Lost mutation: Your flesh is cold resistant. [Jiyva's grace]
 47905 | Depths:1 | penpaper: do you have 3 runes yet?
 47933 | Depths:2 | Chemotherapy: yeah
 47933 | Depths:2 | penpaper: are you going for more?
 47933 | Depths:2 | Chemotherapy: noooooooo
 47933 | Depths:2 | Chemotherapy: not on this guy
 47933 | Depths:2 | penpaper: haha
 47933 | Depths:2 | penpaper: ok
 47933 | Depths:2 | Chemotherapy: I'll be lucky to get out
 47958 | Depths:3 | Chemotherapy: I just skipped this floor
 47988 | Depths:5 | penpaper: Sylvie is counting to ten to get me to stop, so I better go
 47988 | Depths:5 | Chemotherapy: hah ok
 47988 | Depths:5 | penpaper: i might hop onlater to see where you're at
 47988 | Depths:5 | Chemotherapy: have a good afternoon
 47988 | Depths:5 | penpaper: you too. good luck with everything
 48010 | Zot:1    | Entered Level 1 of the Realm of Zot
 48338 | Zot:1    | Noticed a golden dragon
 48351 | Zot:1    | Killed a golden dragon
 48351 | Zot:1    | Reached skill level 15 in Fighting
 48351 | Zot:1    | Reached XP level 24. HP: 116/131 MP: 39/39
 48359 | Zot:1    | Gained mutation: You have large cloven feet. [Jiyva's grace]
 49179 | Zot:2    | Reached skill level 18 in Shields
 49183 | Zot:2    | HP: 27/131 [something/bolt of cold (15)]
 49322 | Zot:2    | Identified Lowel's Tome of Congealing Companions
 49354 | Zot:2    | Lost mutation: Armour fits poorly on your pseudopods. [Jiyva's grace]
 49410 | Zot:2    | Lost mutation: You have a small jelly attached to you that senses nearby items. [Jiyva's grace]
 49849 | Zot:2    | Lost mutation: You have an increased reservoir of magic (+10% MP). [Jiyva's grace]
 50031 | Zot:2    | Reached skill level 16 in Evocations
 50156 | Zot:3    | Lost mutation: You have large cloven feet. [Jiyva's grace]
 50215 | Zot:3    | Gained mutation: You have sharp toenails. [Jiyva's grace]
 50411 | Zot:3    | Noticed a curse toe
 50420 | Zot:3    | Killed a curse toe
 50721 | Zot:4    | Noticed an orb of fire
 50722 | Zot:4    | Noticed a Killer Klown
 50722 | Zot:4    | Noticed a curse toe
 50726 | Zot:4    | Gained mutation: You expend magic power (3 MP) to strengthen your wands. [an orb of fire]
 50864 | Zot:4    | Killed a Killer Klown
 51007 | Zot:4    | Reached skill level 22 in Unarmed Combat
 51165 | Zot:4    | Lost mutation: You expend magic power (3 MP) to strengthen your wands. [an orb of fire]
 51171 | Zot:4    | Gained mutation: Your spells are a little easier to cast, but a little less powerful. [an orb of fire]
 51187 | Zot:4    | Killed an orb of fire
 51240 | Zot:4    | Reached XP level 25. HP: 113/137 MP: 36/36
 51288 | Zot:4    | Reached skill level 14 in Armour
 51291 | Zot:4    | Reached skill level 19 in Shields
 51448 | Zot:4    | Lost mutation: You are partially covered in molten scales (AC +1). [Jiyva's grace]
 51486 | Zot:4    | Reached skill level 16 in Fighting
 51678 | Zot:4    | Noticed a Killer Klown
 51689 | Zot:4    | Killed a Killer Klown
 51978 | Zot:5    | Entered Level 5 of the Realm of Zot
 52000 | Zot:4    | Gained mutation: You are covered in fur (AC +1). [Jiyva's grace]
 52068 | Zot:5    | Gained mutation: You are robust (+10% HP). [Jiyva's grace]
 52134 | Zot:5    | HP: 26/150 [??? (16)]
 52149 | Zot:5    | HP: 21/150 [yellow draconian scorcher/bolt of fire (10)]
 52157 | Zot:5    | HP: 22/150 [yellow draconian scorcher/bolt of magma (10)]
 52285 | Zot:4    | Reached skill level 13 in Dodging
 52495 | Zot:5    | Noticed an ancient lich
 52507 | Zot:5    | Killed an ancient lich
 52553 | Zot:5    | Gained mutation: You are agile. (Dex +2) [Jiyva's grace]
 52731 | Zot:5    | Reached skill level 17 in Evocations
 52817 | Zot:5    | Noticed an orb of fire
 52855 | Zot:5    | Killed an orb of fire
 52944 | Zot:5    | Noticed an ancient lich
 52960 | Zot:5    | Killed an ancient lich
 52998 | Zot:5    | Noticed a Killer Klown
 53007 | Zot:5    | Reached skill level 20 in Shields
 53015 | Zot:5    | Noticed an ancient lich
 53019 | Zot:5    | Noticed a Killer Klown
 53045 | Zot:5    | Killed an ancient lich
 53071 | Zot:5    | Killed a Killer Klown
 53088 | Zot:5    | Killed a Killer Klown
 53357 | Zot:5    | Lost mutation: You are resistant to hostile enchantments. [Jiyva's grace]
 53382 | Zot:5    | Noticed a Killer Klown
 53384 | Zot:5    | Noticed a Killer Klown
 53403 | Zot:5    | Killed a Killer Klown
 53428 | Zot:5    | Killed a Killer Klown
 53428 | Zot:5    | Reached skill level 17 in Fighting
 53468 | Zot:5    | Got the Orb of Zot
 53472 | Zot:5    | Noticed a Killer Klown
 53480 | Zot:5    | Noticed an orb of fire
 53486 | Zot:5    | Noticed a Killer Klown
 53496 | Zot:5    | Gained mutation: You are very agile. (Dex +4) [an orb of fire]
 53499 | Zot:5    | HP: 34/154 [deathcap/drain life[a curse toe] (9)]
 53499 | Zot:5    | Gained mutation: Scrolls take you a little longer to read. [an orb of fire]
 53609 | Zot:1    | Noticed Pohac the pandemonium lord
 53631 | Zot:1    | Lost mutation: You are robust (+10% HP). [a neqoxec]
 54015 | D:9      | Reached skill level 23 in Unarmed Combat
 54175 | D:3      | Killed MongoFromTheCongo's ghost
 54242 | D:$      | Escaped with the Orb!

Skill      XL: |  1  2  3  4  5  6  7  8  9 10 11 12 13 14 15 16 17 18 19 20 21 22 23 24 25 |
---------------+----------------------------------------------------------------------------+-----
Armour         | 1 2 3 4 5 6 8 9 10 11 12 13 14 | 14.6
Fighting       | 3 4 5 6 7 9 10 11 12 13 14 15 17 | 17.1
Unarmed Combat | 5 6 7 8 9 10 13 14 15 16 17 18 19 20 21 22 23 | 23.0
Evocations     | 1 2 3 4 5 6 8 9 10 11 12 13 14 15 16 17 | 17.7
Shields        | 2 4 6 8 10 11 12 13 14 15 16 17 18 20 | 20.7
Dodging        | 3 4 5 7 8 9 10 11 12 13 | 13.5
Stealth        | |  2.4

Action                   |  1- 3 |  4- 6 |  7- 9 | 10-12 | 13-15 | 16-18 | 19-21 | 22-24 | 25-27 || total
-------------------------+-------+-------+-------+-------+-------+-------+-------+-------+-------++-------
Melee: Unarmed           |   110 |   129 |   327 |  1357 |  1528 |  1592 |  1730 |  1640 |   628 ||  9041
       Bite              |    27 |    33 |   127 |   601 |   749 |   660 |   876 |   969 |   381 ||  4423
       Punch             |     6 |     2 |     2 |       |       |       |       |       |       ||    10
       Pseudopods        |       |       |       |       |     8 |   371 |   453 |    83 |       ||   915
       Headbutt          |       |       |       |       |       |     6 |       |       |       ||     6
Invok: Sacrifice Purity  |       |       |       |     1 |     1 |       |       |       |       ||     2
       Sacrifice Experie |       |       |       |     1 |       |       |       |       |       ||     1
       Sacrifice Drink   |       |       |       |     1 |       |       |       |       |       ||     1
       Apocalypse        |       |       |       |     1 |       |       |       |       |       ||     1
       Sacrifice Essence |       |       |       |     1 |       |       |       |       |       ||     1
       Sacrifice Arcana  |       |       |       |     1 |       |       |       |       |       ||     1
       Reject Sacrifices |       |       |       |       |     1 |       |       |       |       ||     1
       Request Jelly     |       |       |       |       |     3 |       |     1 |       |       ||     4
       Slimify           |       |       |       |       |     1 |     1 |     4 |       |       ||     6
       Sacrifice Courage |       |       |       |       |     1 |       |       |       |       ||     1
       Jelly Paralyse    |       |       |       |       |       |     4 |     1 |       |       ||     5
 Abil: Evoke Berserk Rag |       |     1 |     9 |    13 |    13 |     1 |     2 |     2 |     1 ||    42
Evoke: Wand              |       |       |     1 |       |       |     4 |     1 |     1 |       ||     7
       Deck              |       |       |       |       |     1 |       |       |       |       ||     1
       Box of beasts     |       |       |       |       |       |     6 |     3 |       |     1 ||    10
       Disc of storms    |       |       |       |       |       |     9 |    23 |     5 |       ||    37
       Phial of floods   |       |       |       |       |       |     1 |     2 |       |       ||     3
       Lamp of fire      |       |       |       |       |       |       |     1 |       |       ||     1
  Use: Scroll            |       |       |    16 |    13 |    15 |    14 |    25 |     9 |     3 ||    95
       Potion            |       |       |     2 |     1 |     3 |     2 |     5 |     6 |     1 ||    20
 Stab: Sleeping          |     3 |     7 |     1 |       |       |       |       |       |       ||    11
       Confused          |       |       |     5 |       |       |       |     1 |    14 |     5 ||    25
       Invisible         |       |       |       |    10 |    17 |       |       |       |       ||    27
       Distracted        |       |       |       |     5 |    11 |     2 |     6 |       |       ||    24
       Paralysed         |       |       |       |       |     1 |       |       |     1 |       ||     2
  Eat: Chunk             |       |     5 |    15 |    32 |    23 |       |       |       |       ||    75
       Royal jelly       |       |       |     1 |       |       |       |       |       |       ||     1
       Meat ration       |       |       |       |     2 |       |       |       |       |       ||     2
       Pizza             |       |       |       |     2 |     6 |       |       |       |       ||     8
       Beef jerky        |       |       |       |     1 |     5 |       |       |       |       ||     6
Armor: Ring mail         |    59 |    36 |    22 |       |       |       |       |       |       ||   117
       Robe              |     2 |       |       |       |       |       |       |       |       ||     2
       Chain mail        |       |       |   115 |   532 |   566 |   699 |   236 |       |       ||  2148
       Plate armour      |       |       |       |       |       |       |   156 |   283 |   140 ||   579
Dodge: Dodged            |    89 |    62 |    92 |   509 |   526 |   531 |   375 |   265 |   148 ||  2597
Block: Buckler           |       |       |    47 |   266 |     8 |       |       |       |       ||   321
       Shield            |       |       |       |       |   684 |   760 |       |       |       ||  1444
       Large shield      |       |       |       |       |       |   159 |  2302 |  1672 |   702 ||  4835

Vault maps used:
D:1:      scummos_arrival_gate, kennysheep_nondescript, serial_bayou_pond_e,
          minivault_5, minmay_surrounded
D:2:      wad_river_or_something, first_bread, kennysheep_generic_room_2,
          uniq_crazy_yiuf_cottage, uniq_terence, uniq_jessica
D:3:      grunt_qazlal_sundering, uniq_iyjb
D:5:      lemuel_round_altar, uniq_eustachio
D:6:      lemuel_round_altar, kennysheep_little_box, temple_hall, led_sif_pool
D:7:      kennysheep_housing_project
D:8:      cheibriados_altar_1, minitemple, basic_altar, st_stairs_1,
          hangedman_ranch, fedhas_altar_2
D:9:      grunt_temple_overflow_magic_moments, trog_eyes_of_draining,
          marbit_many_paths, dpeg_oklobed_lair, uniq_prince_ribbit1
D:10:     minmay_orc_entry_temple_small, minmay_librarian
D:11:     uniq_erolcha, uniq_maud, uniq_nergalle
D:12:     grunt_ministairs_15, elves_outpost_lemuel
D:13:     erik_vaults_1
D:14:     roderic_whirl, spider_trap
D:15:     hangedman_depths_entry_try_elsewhere_first, serial_bayou,
          serial_bayou_pond_e, serial_bayou_pond_b, serial_bayou_lagoon_a,
          serial_bayou_lake_a, serial_bayou_lagoon_b, serial_bayou_pond_c,
          hangedman_glass_teeth, roderic_st_hans_cross
Temple:   circular_temple_pool_8
Lair:1:   lemuel_centaur_altar, grunt_megastairs_3
Lair:2:   minivault_23, infiniplex_staircase_pool_2
Lair:3:   st_stairs_9
Lair:4:   lemuel_slime, minmay_swamp_entry_eels, beast_lair_carwin_8,
          serial_bayou_shore_a
Lair:6:   minmay_snake_entry_guardpost_small, slime_altar_2,
          hibernation_bobbens, uniq_josephine
Lair:7:   basic_altar
Lair:8:   guppyfry_lair_end_dragon, wormcave, ldierk_geyser,
          kennysheep_snail_temple, grunt_megastairs_2, lemuel_fruit_tree
Swamp:1:  serial_swamp_ruin, evilmike_swamp_ruin_house_1,
          evilmike_swamp_ruin_house_4, evilmike_swamp_ruin_wall, uniq_louise
Swamp:2:  hangedman_swamp_blocks, swamp_pool3, lightli_tree_ring, uniq_roxanne
Swamp:3:  evilmike_swamp_ruin_house_6
Swamp:4:  swamp, uniq_jorgrun
Snake:1:  lightli_airlock
Snake:2:  uniq_aizul
Snake:3:  serial_shops, shop_statue, shop_fountains, shop_statue, shop,
          portal_ice_cave_entry_pillars_01, basic_stair_grate_trap
Snake:4:  minmay_snake_end_coiled, serial_shops, shop, serial_bayou_ford_a
Slime:3:  cheibrodos_slime_lost_civilization_7
Slime:5:  cheibrodos_slime_lost_civilization_3, dissolution_awaits
Orc:1:    basic_altar
Orc:2:    grunt_orc_gardens, grunt_orc_garden, grunt_orc_garden,
          grunt_orc_garden, grunt_orc_garden, statue_in_the_mist_lemuel,
          roderic_batcave
Elf:1:    minmay_elf_arrival_circle, minmay_elf_demonology,
          corexii_checkpoint_b, bh_hangedman_babel_library
Elf:2:    enter_trove_3
Elf:3:    minmay_elf_hall_spiked, basic_altar
Vaults:1: hangedman_vaults_river_flow, v_misc_25,
          nicolae_vaults_know_your_exits, grunt_vaults_hallway_short,
          vaults_room_door_ring, v_pattern_5, nicolae_vaults_ring_of_whatevers,
          nicolae_vaults_windows_and_doors_thing, vaults_dpeg_cross, uniq_donald
Vaults:2: ontoclasm_vaults_tryst, ontoclasm_vaults_idyll,
          minmay_crypt_entry_necro_gods, vaults_room_door_ring,
          nicolae_vaults_lopsided_apartments, ontoclasm_vaults_ligature,
          nicolae_vaults_alarming, v_pattern_3, hangedman_vaults_corner_blocks,
          ontoclasm_vaults_chip, ontoclasm_vaults_fault, vaults_dpeg_ring,
          serial_shops, bzr_entry_islet, shop, shop, nicolae_shop_trees,
          uniq_norris, uniq_asterion, uniq_nikola
Vaults:3: nicolae_vaults_circle_grid_a, ontoclasm_vaults_loading_screen,
          vaults_standard_mumra_lines, v_rooms_5, nicolae_vaults_shelves_hall,
          st_hourglassy, ontoclasm_vaults_decontamination, nicolae_vaults_theta,
          nicolae_vaults_three_branches, nicolae_vaults_little_squares_1,
          serial_ice_b, v_misc_23, v_misc_12, nicolae_vaults_little_ls
Vaults:4: nicolae_vaults_hallways_thing, nicolae_vaults_twisting_passages,
          vaults_room_grid, v_misc_3, v_misc_15, v_misc_16,
          vaults_mumra_minichess_inversion, v_misc_17,
          nicolae_vaults_circle_grid_b, vaults_room_door_ring, serial_shops,
          shop, shop, nicolae_shop_stone, nicolae_shop_trees,
          nicolae_shop_statue_plus, serial_glass
Depths:1: abyss_entry, hellmouth_1, minmay_misc_feat_room, st_stairs_2,
          lemuel_another_geyser
Depths:2: minmay_broken_ring, infiniplex_staircase_spiral_double, hell_entry
Depths:3: grunt_profane_halls, abyss_entry, pan_entry, hell_entry
Depths:4: grunt_twist_and_shout, basic_altar, hell_entry,
          abyss_entry_flame_altar, nrook_kobold_shadow_demons
Depths:5: evilmike_zot_entry_diamond, serial_bayou, serial_bayou_pond_e,
          serial_bayou_pond_c, serial_bayou_pond_c, serial_bayou_pond_d,
          pan_entry, lightli_too_deep, serial_shops, shop
Zot:2:    evilmike_crystal_ball_defense, guppyfry_library_mini
Zot:3:    grunt_ministairs_9
Zot:4:    kennysheep_blocky_hall, zot_minivault_1
Zot:5:    st_stairs_2
Zig:6:    ziggurat_loot_3
Zig:9:    ziggurat_loot_2
Bazaar:   bazaar_jpeg_circle_common
Trove:    trove_books_scrolls
IceCv:    ice_cave_tombish

Table legend:
 A = Turns spent in this place as a percentage of turns spent in the entire game.
 B = Non-inter-level travel turns spent in this place as a percentage of non-inter-level travel turns spent in the entire game.
 C = Inter-level travel turns spent in this place as a percentage of turns spent in this place.
 D = Turns resting spent in this place as a percentage of non-inter-level travel turns spent in this place.
 E = Turns spent auto-exploring this place as a percentage of non-inter-level travel turns spent in this place.
 F = Non-inter-level travel turns spent in this place divided by the number of levels of this place that you've seen.
                   A       B       C       D       E      F
               +-------+-------+-------+-------+-------+----------------------
         Total | 100.0 | 100.0 |   0.6 |   3.1 |   6.4 | 318.0
       Dungeon |  24.5 |  24.5 |   0.8 |   2.2 |   7.5 | 358.0
        Temple |   0.1 |   0.2 |   0.0 |   0.0 |  15.2 |  33.0
          Lair |  13.1 |  13.1 |   0.6 |   3.5 |   6.7 | 359.8
         Swamp |   6.1 |   6.1 |   0.6 |   4.5 |   6.6 | 335.0
     Snake Pit |   8.8 |   8.8 |   0.3 |   2.8 |   5.1 | 483.2
    Slime Pits |   1.0 |   1.0 |   1.4 |   3.2 |   4.1 |  36.2
  Orcish Mines |   2.5 |   2.5 |   0.4 |   2.7 |  10.3 | 278.0
   Elven Halls |   6.4 |   6.4 |   0.5 |   4.7 |   6.9 | 466.3
        Vaults |   7.2 |   7.2 |   0.4 |   1.0 |  13.2 | 397.5
        Depths |  14.7 |  14.7 |   0.6 |   4.0 |   4.3 | 644.8
           Zot |  11.5 |  11.5 |   0.5 |   3.9 |   3.4 | 506.2
      Ziggurat |   2.1 |   2.1 |   0.0 |   2.8 |   0.0 |  51.6
        Bazaar |   0.1 |   0.1 |   0.0 |   0.0 |  85.7 |  14.0
         Trove |   0.3 |   0.3 |   0.0 |   0.0 |   0.0 |  68.0
      Ice Cave |   1.5 |   1.5 |   0.0 |   1.2 |   0.3 | 323.0
               +-------+-------+-------+-------+-------+----------------------

Table legend:
 A = Kills in this place as a percentage of kills in entire the game.
 B = Kills by you in this place as a percentage of kills by you in the entire game.
 C = Kills by friends in this place as a percentage of kills by friends in the entire game.
 D = Other kills in this place as a percentage of other kills in the entire game.
 E = Experience gained in this place as a percentage of experience gained in the entire game.
 F = Experience gained in this place divided by the number of levels of this place that you have seen.
                   A       B       C       D       E      F
               +-------+-------+-------+-------+-------+----------------------
         Total | 100.0 | 100.0 | 100.0 | 100.0 | 100.0 | 17679.2
       Dungeon |  27.3 |  27.9 |   0.0 |  12.9 |   8.2 | 6639.0
          Lair |  15.0 |  14.9 |   0.0 |  32.3 |   5.9 | 8982.8
         Swamp |   6.8 |   6.8 |   6.7 |   6.5 |   5.4 | 16446.8
     Snake Pit |   8.1 |   8.1 |  13.3 |   6.5 |   7.1 | 21737.0
  Orcish Mines |   3.1 |   3.2 |   0.0 |   0.0 |   1.1 | 6738.0
   Elven Halls |   5.2 |   4.5 |  53.3 |   6.5 |   7.1 | 28737.0
        Vaults |  10.7 |  11.0 |   0.0 |   6.5 |  11.6 | 35357.0
        Depths |  12.7 |  12.6 |  13.3 |  19.4 |  20.6 | 50262.4
           Zot |   8.2 |   8.2 |  10.0 |   9.7 |  29.2 | 71125.0
      Ziggurat |   1.8 |   1.8 |   3.3 |   0.0 |   3.3 | 4428.6
      Ice Cave |   1.0 |   1.1 |   0.0 |   0.0 |   0.6 | 7774.0
               +-------+-------+-------+-------+-------+----------------------
